AoeStats
← Laninadlatic

Arena

509652494Analyzed
3v3 RM · 5d ago on Sep 27, 2026· 26m 23s· 6 players
Game mode
Random Map
Map size
Normal (6 player)
Population
200
Speed
Normal
Resources
Standard
Victory
Conquest
Starting age
Dark Age
Ending age
Imperial Age
RankedLock teamsTeams togetherTeam positionsShared explorationLock speedFull tech treeHidden civsTurbo modeCheats
Victory
Defeat
🇲🇽 Vikings · Mexico
818
+16
🇬🇧 Turks · United Kingdom
813
+17
🇪🇸 Mongols · Spain
806
+17
🇦🇷 Huns · Argentina
857
-17
🇺🇸 Khmer · United States
829
-17
🇯🇵 Khitans · Japan
799
-16
King Crimson
6:53 Loom
7:52 Loom
10:08 Feudal Age
10:42 Double-Bit Axe
10:49 Gold Mining
14:33 Horse Collar
16:18 Stone Mining
20:10 Castle Age
20:36 Forging
20:26 Scale Mail Armor
23:28 Gold Shaft Mining
24:48 Iron Casting
Louis Theroux
12:15 Feudal Age
15:56 Castle Age
14:08 Gold Mining
14:09 Double-Bit Axe
15:14 Horse Collar
20:46 Imperial Age
Laninadlatic
0:45 Loom
14:57 Feudal Age
17:26 Double-Bit Axe
19:48 Castle Age
19:27 Stone Mining
19:34 Gold Mining
20:23 Wheelbarrow
25:49 Horse Collar
ogipochi_
1:06 Loom
11:25 Feudal Age
11:51 Double-Bit Axe
11:47 Domestication
11:59 Gold Mining
12:04 Arson
13:34 Man-at-Arms
14:35 Forging
15:22 Scale Mail Armor
20:02 Castle Age
19:28 Fletching
19:39 Padded Archer Armor
21:43 Wheelbarrow
21:41 Bow Saw
22:35 Pastoralism
22:26 Gambesons
25:16 Bodkin Arrow
25:37 Leather Archer Armor
Centipedejam
7:34 Loom
11:21 Feudal Age
11:55 Double-Bit Axe
15:22 Castle Age
18:19 Wheelbarrow
18:57 Horse Collar
20:18 Stone Mining
23:04 Stone Shaft Mining
23:09 Gold Mining
mxmauchjob
10:00 Feudal Age
14:04 Castle Age
12:25 Double-Bit Axe
12:53 Horse Collar
15:37 Loom
19:21 Gold Mining
27:39 Imperial Age
Connection lost

Rejoining the realm…

Still unreachable

The connection could not be restored.

Session expired

The server has moved on; the page needs a fresh start.